 Dungeon Crawl Stone Soup version 0.30-a0-778-g2ef04afb54 (webtiles) character file.

Game seed: 17168958857225888591

4084 cforsyth the Summoner (level 10, -4/50 HPs)
             Began as a Tengu Summoner on Feb 16, 2023.
             Was an Initiate of Gozag.
             Killed from afar by Erica (32 damage)
             ... with a bolt of poison
             ... on level 8 of the Dungeon.
             The game lasted 00:24:29 (10002 turns).

cforsyth the Summoner (Tengu Summoner)             Turns: 10002, Time: 00:24:29

Health: -4/50      AC:  8    Str:  9    XL:     10   Next: 25%
Magic:  24/24      EV: 15    Int: 20    God:    Gozag
Gold:   1371       SH:  0    Dex: 18    Spells: 15/28 levels left

rFire   + + .      SeeInvis .    t - +3 long sword of Pride {heavy, rElec rF+ Str-4 Dex+3}
rCold   + . .      Faith    .    (no shield)
rNeg    + + .      Spirit   .    s - +1 robe of Paranoia {rN++ Regen+ Str+5}
rPois   .          Reflect  .    e - +2 hat
rElec   +          Harm     .    q - +1 cloak
rCorr   .          Rampage  .    x - +0 pair of gloves
Will    .....                    (boots unavailable)
Stlth   ++                       r - amulet of magic regeneration
HPRegen 1.08/turn                (no ring)
MPRegen 0.59/turn                (no ring)

@: lethally poisoned (-4 -> -11), flying quickly and evasively, quick
A: beak, talons 3, nimble flight, cold resistance 1, fire resistance 1
a: Renounce Religion, Potion Petition, Call Merchant, Bribe Branch


You were on level 8 of the Dungeon.
You worshipped Gozag.
Gozag was most pleased with you.
You visited 1 branch of the dungeon, and saw 8 of its levels.

You collected 1436 gold pieces.
You paid 65 gold pieces to Gozag.

Inventory:

Hand Weapons
 t - the +3 long sword of Pride (weapon) {heavy, rElec rF+ Str-4 Dex+3}
   (You found it on level 6 of the Dungeon)

   Str:       It affects your strength (-4).
   Dex:       It affects your dexterity (+3).
   rF:        It protects you from fire.
   rElec:     It insulates you from electricity.
Armour
 e - a +2 hat (worn)
 q - a +1 cloak (worn)
 s - the +1 robe of Paranoia (worn) {rN++ Regen+ Str+5}
   (You found it on level 4 of the Dungeon)

   Str:       It affects your strength (+5).
   rN:        It greatly protects you from negative energy.
   Regen:     It increases your rate of health regeneration.
 x - a +0 pair of gloves (worn)
Jewellery
 r - an amulet of magic regeneration (around neck)
Wands
 w - a wand of paralysis (8)
Scrolls
 h - a scroll of butterflies {unknown}
 i - a scroll of immolation
 k - 4 scrolls of enchant armour
 m - 2 scrolls of fog
 n - a scroll of fear
 o - a scroll of amnesia {unknown}
 p - a scroll of poison {unknown}
 u - a scroll of teleportation {unknown}
 v - 2 scrolls of blinking {unknown}
 y - a scroll of identify
 z - a scroll of noise {unknown}
Potions
 a - a potion of haste
 b - a potion of magic
 c - 2 potions of might
 d - a potion of invisibility
 f - 3 potions of mutation
 g - a potion of curing
 j - a potion of lignification
 l - 2 potions of attraction


   Skills:
 - Level 2.1 Dodging
 - Level 2.0 Stealth
 + Level 9.7 Spellcasting
 + Level 13.1 Summonings


You had 15 spell levels left.
You knew the following spells:

 Your Spells              Type           Power      Damage    Failure   Level
a - Summon Small Mammal   Summ           100%       N/A       1%          1
b - Call Imp              Summ           58%        N/A       1%          2
c - Call Canine Familiar  Summ           58%        N/A       1%          3
d - Summon Guardian Gole  Hex/Summ       35%        N/A       1%          3
e - Summon Lightning Spi  Summ/Air       35%        N/A       4%          4

Your spell library contained the following spells:

 Spells                   Type           Power      Damage    Failure   Level
 Kiss of Death            Conj/Necr      36%        2d8       7%          1
 Sublimation of Blood     Necr           9%         N/A       11%         2
 Wereblood                Tmut           9%         N/A       11%         2
 Confusing Touch          Hex            9%         N/A       22%         3
 Summon Hydra             Summ           29%        N/A       28%         7
 Dispel Undead            Necr           9%         3d8       56%         4


Dungeon Overview and Level Annotations

Branches:
Dungeon (8/15)             Temple (0/1) D:7            Lair (0/5) D:8

Altars:
Gozag
Okawaru
Zin

Shops:
D:1 ?   D:2 !   D:3 *

Annotations:
D:6 Maggie
D:8 exclusion: 2 oklob plants, Erica


Innate Abilities, Weirdness & Mutations

You have a beak for a mouth.
You have claws for feet.
Your magical nature lets you fly swiftly and evasively.
Your flesh is cold resistant. (rC+)
Your flesh is heat resistant. (rF+)


Message History

You swap places.
You swap places.
Something hits your crimson imp!
Something closely misses your crimson imp.
A bolt of poison appears from out of thin air!
The bolt of poison hits your crimson imp.
The bolt of poison hits your guardian golem.
Your guardian golem completely resists.
The bolt of poison hits your warg.
Your warg is poisoned.
The bolt of poison hits you!
You are poisoned.
You feel very sick.
Something barely misses your crimson imp.
You feel very sick. Something hits your crimson imp!!
Your crimson imp dies!
Your crimson imp disappears in a puff of smoke!
You feel sick.
You feel sick.
A bolt of poison appears from out of thin air!
The bolt of poison hits your guardian golem.
Your guardian golem completely resists.
The bolt of poison hits your warg!
Your warg looks even sicker.
The bolt of poison misses you.
You feel sick. Something hits your guardian golem!
You feel sick. Something hits your guardian golem.
Unknown command.
You feel sick.
A bolt of poison appears from out of thin air!
The bolt of poison hits your guardian golem.
Your guardian golem completely resists.
The bolt of poison hits your warg.
Your warg looks even sicker.
The bolt of poison hits you!!
You are more poisoned.
Ouch! That really hurt!
You die...
Your body crumbles into a pile of gold.

...# #h{°..# #.#
...# #####.# #.#
######.....# #.#
8.8.8.###..# #.#
...........# #.#
♣.8.8..##.## #{#
######....# #9# .#
############h# .#
#.5...?.....@#
#####5############
......## .......#
.......# .......#
5......+ .......#
..>....#


You could see a friendly guardian golem (summoned) and a friendly warg
(summoned, sheltered, very poisoned).

Vanquished Creatures
  A wight (D:7)
  An orc priest (D:4)
  An orc wizard (D:4)
  An adder (D:4)
  2 orcs
  A hobgoblin (D:1)
  A kobold (D:1)
  2 quokkas
  A frilled lizard (D:2)
  2 rats (D:3)
13 creatures vanquished.

Vanquished Creatures (collateral kills)
  A wyvern (D:7)
  A floating eye (D:8)
  4 orc warriors
  2 sky beasts (D:7)
  6 black bears
  2 ogres
  A centaur (D:8)
  A lemure (D:8)
  3 phantoms
  A kobold brigand (D:5)
  A bullfrog (D:7)
  2 necrophages
  2 scorpions
  7 wights (D:7)
  2 hounds
  4 jellies
  4 orc priests
  Crazy Yiuf (D:3)
  6 iguanas
  Ijyb (D:3)
  2 orc wizards
  13 adders
  2 gnolls (D:5)
  2 ufetubi
  A worm (D:3)
  A dart slug (D:3)
  25 orcs
  8 ball pythons
  4 bats
  7 endoplasms
  A giant cockroach (D:3)
  11 goblins
  6 hobgoblins
  10 jackals
  3 quokkas
  3 frilled lizards
  13 kobolds
  3 rats
167 creatures vanquished.

Vanquished Creatures (others)
  Pikel (D:8)
  A lemure (D:8)
  Blork the orc (D:6)
  A gnoll sergeant (D:5)
  2 gnolls (D:5)
  An orc (D:6)
  4 fungi (D:8)
  13 plants (D:8)
24 creatures vanquished.

Grand Total: 204 creatures vanquished

Notes
Turn   | Place    | Note
-------+----------+-------------------------------------------
     0 | D:1      | cforsyth the Tengu Summoner began the quest for the Orb.
     0 | D:1      | Reached XP level 1. HP: 10/10 MP: 4/4
    83 | D:1      | Found Zuinki's Magic Scroll Boutique.
   281 | D:1      | Reached skill level 5 in Summonings
   461 | D:1      | Reached XP level 2. HP: 15/15 MP: 3/6
   523 | D:1      | Learned a level 2 spell: Call Imp
  1048 | D:2      | Reached XP level 3. HP: 7/19 MP: 4/8
  1251 | D:1      | Learned a level 3 spell: Call Canine Familiar
  1302 | D:2      | Found Gyik Sab's Distillery.
  1572 | D:2      | Reached XP level 4. HP: 23/24 MP: 5/9
  2164 | D:3      | Noticed Ijyb
  2370 | D:3      | Reached skill level 6 in Summonings
  2477 | D:3      | Found Gozag's Platinum Reserve.
  2477 | D:3      | Found an opulent altar of Gozag.
  2666 | D:3      | Became a worshipper of Gozag Ym Sagoz the Greedy
  3241 | D:3      | Killed Ijyb
  3242 | D:3      | Gained mutation: Your magical nature lets you fly swiftly
                  | and evasively. [Tengu growth]
  3242 | D:3      | Reached XP level 5. HP: 28/28 MP: 4/11
  3347 | D:3      | Learned a level 3 spell: Summon Guardian Golem
  4045 | D:3      | Found a runed translucent door.
  4046 | D:3      | Noticed Crazy Yiuf
  4277 | D:3      | Killed Crazy Yiuf
  4477 | D:4      | Reached XP level 6. HP: 32/32 MP: 3/13
  4741 | D:4      | Reached skill level 7 in Summonings
  4926 | D:4      | Identified the +1 robe of Paranoia {rN++ Regen+ Str+5}
  5032 | D:4      | Reached skill level 5 in Spellcasting
  5032 | D:4      | Reached XP level 7. HP: 36/36 MP: 9/15
  5099 | D:4      | Reached skill level 8 in Summonings
  5372 | D:4      | You are sucked into a shaft and drop 3 floors!
  5451 | D:7      | Found a staircase to the Ecumenical Temple.
  5632 | D:6      | Noticed Blork the orc
  5841 | D:6      | Killed Blork the orc
  6179 | D:5      | Entered Level 5 of the Dungeon
  6244 | D:6      | Gained mutation: Your flesh is cold resistant. (rC+)
                  | [potion of mutation]
  6244 | D:6      | Gained mutation: Your flesh is heat resistant. (rF+)
                  | [potion of mutation]
  6378 | D:5      | Reached XP level 8. HP: 41/41 MP: 13/17
  6387 | D:5      | Reached skill level 9 in Summonings
  7145 | D:5      | Reached skill level 10 in Summonings
  7412 | D:6      | Noticed Maggie
  7561 | D:6      | Reached XP level 9. HP: 45/45 MP: 21/21
  7912 | D:6      | Learned a level 4 spell: Summon Lightning Spire
  8090 | D:6      | Identified the +3 long sword of Pride {heavy, rElec rF+
                  | Str-4 Dex+3}
  8281 | D:6      | Reached skill level 11 in Summonings
  8727 | D:7      | Reached skill level 12 in Summonings
  9128 | D:8      | Reached XP level 10. HP: 50/50 MP: 19/24
  9164 | D:8      | Noticed an oklob plant
  9165 | D:8      | Noticed an oklob plant
  9280 | D:8      | Paralysed by a floating eye for 2 turns
  9288 | D:8      | Paralysed by a floating eye for 3 turns
  9309 | D:8      | Found an iron altar of Okawaru.
  9362 | D:8      | Found a glowing silver altar of Zin.
  9519 | D:8      | Noticed Pikel
  9539 | D:8      | Killed Pikel
  9540 | D:8      | Reached skill level 13 in Summonings
  9736 | D:8      | Found a staircase to the Lair.
  9800 | D:8      | Noticed Erica
 10002 | D:8      | Killed from afar by Erica

Illustrated notes

Levels and vault maps discovered:
D:1:      lemuel_arrival_behind_the_door_large, layout_loops_ring, serial_shops,
          nicolae_shop_trees
D:2:      layout_basic, serial_shops, nicolae_diamond_shop, grunt_ministairs_4
D:3:      minmay_diamond_boxcup, layout_basic, nicolae_gozag_zags_fifth_avenue,
          serial_rivers, chequers_serial_rivers_small_b,
          chequers_serial_rivers_micro_a, chequers_serial_rivers_small_b,
          chequers_serial_rivers_micro_a, uniq_ijyb, uniq_crazy_yiuf_cottage
D:4:      layout_loops_ring
D:5:      layout_basic
D:6:      layout_basic, chequers_serial_rivers_large_b, uniq_maggie,
          uniq_blork_the_orc
D:7:      layout_rooms, minmay_temple_entry_trees, enter_bailey_5
D:8:      layout_basic, mainiacjoe_overflow_alcove_2, kennysheep_mini_moat,
          grunt_lair_entry_orc_guard_hut, minmay_misc_feat_cross,
          chequers_avenue, kennysheep_decorative_pillar, abandoned_shop,
          disabler_island, uniq_erica, uniq_pikel, uniq_joseph

Skill      XL: |  1  2  3  4  5  6  7  8  9 10 |
---------------+-------------------------------+-----
Summonings     | 5 6 7 8 10 12 13 | 13.1
Spellcasting   | 3 4 5 7 9 |  9.7
Dodging        | |  2.1
Stealth        | |  2.0

Action                     |  1- 3 |  4- 6 |  7- 9 | 10-12 || total
---------------------------+-------+-------+-------+-------++-------
  Melee: Unarmed           |    10 |    13 |     9 |       ||    32
         Kick              |     3 |     5 |     4 |       ||    12
         Peck              |       |     1 |     3 |       ||     4
         Long sword        |       |       |     4 |     2 ||     6
         Punch             |       |       |     1 |       ||     1
   Cast: Summon Small Mamm |    38 |    32 |    64 |     6 ||   140
         Call Imp          |     8 |    20 |    29 |     4 ||    61
         Call Canine Famil |     3 |    28 |    34 |     8 ||    73
         Summon Guardian G |       |     1 |     8 |     7 ||    16
         Summon Lightning  |       |       |     5 |     2 ||     7
    Use: Potion            |       |       |     6 |       ||     6
         Scroll            |       |       |    10 |       ||    10
   Stab: Distracted        |       |       |     2 |       ||     2
 Armour: Robe              |     5 |     9 |    20 |     3 ||    37
  Dodge: Dodged            |    42 |    37 |    63 |    17 ||   159

Table legend: (Time is in decaauts)
 A = Elapsed time spent in this place.
 B = Non-inter-level travel time spent in this place.
 C = Inter-level travel time spent in this place.
 D = Time resting spent in this place.
 E = Time spent auto-exploring this place.
 F = Levels seen in this place.
 G = Mean time per level.
                   A        B        C        D        E       F      G
               +--------+--------+--------+--------+--------+-----+--------+
         Total |   9620 |   9342 |    278 |   1198 |   5805 |   8 | 1202.5 |
       Dungeon |   9620 |   9342 |    278 |   1198 |   5805 |   8 | 1202.5 |
               +--------+--------+--------+--------+--------+-----+--------+

Top non-repeatable levels by time:
     D:3: 2453 daAuts
     D:6: 1438 daAuts
     D:4: 1313 daAuts
     D:2: 1007 daAuts
     D:1: 993 daAuts
     D:8: 910 daAuts
     D:5: 788 daAuts
     D:7: 714 daAuts
